 Dungeon Crawl Stone Soup version 0.31-a0-774-g0d66cbabe8 (webtiles) character file.

Game seed: 404764083209728358

312 CrazyBamboolord the Shield-Bearer (level 6, -5/50 HPs)
             Began as a Formicid Fighter on Sept 17, 2023.
             Slain by Edmund
             ... wielding a +0 heavy flail
              (17 damage)
             ... on level 4 of the Dungeon.
             The game lasted 00:04:36 (2868 turns).

CrazyBamboolord the Shield-Bearer (FoFi)            Turns: 2868, Time: 00:04:37

Health: -5/50      AC:  8    Str: 23    XL:     6   Next: 71%
Magic:  6/6        EV:  9    Int:  7    God:
Gold:   198        SH:  5    Dex: 13    Spells: 5/5 levels left

rFire   + . .        a - +0 war axe
rCold   . . .        c - +0 buckler
rNeg    . . .        n - +0 scale mail
rPois   .            (helmet unavailable)
rElec   .            r - scarf {repulsion}
rCorr   .            (no gloves)
SInv    +            q - +0 pair of boots
Will    +....        l - amulet of the acrobat Stlth
                     o - ring of willpower
HPRegen 0.28/turn    g - ring of protection from fire
MPRegen 0.10/turn

%: repel missiles, acrobat
@: no status effects
A: permanent stasis, dig shafts and tunnels, antennae 3, four strong arms
a: Dig, Shaft Self


You were on level 4 of the Dungeon.
You visited 1 branch of the dungeon, and saw 4 of its levels.

You collected 198 gold pieces.

Inventory:

Hand Weapons
 a - a +0 war axe (weapon)
 b - a +2 hand axe of flaming
Missiles
 u - 2 throwing nets
Armour
 c - a +0 buckler (worn)
 n - a +0 scale mail (worn)
 q - a +0 pair of boots (worn)
 r - a scarf of repulsion (worn)
Jewellery
 e - a ring of wizardry
 g - a ring of protection from fire (right hand)
 i - a +6 ring of intelligence
 j - a ring of positive energy
 l - an amulet of the acrobat (around neck)
 o - a ring of willpower (left hand)
 v - an amulet of guardian spirit
Wands
 w - a wand of iceblast (1)
 y - a wand of mindburst (2)
Scrolls
 k - a scroll of torment {unknown}
 m - 2 scrolls of amnesia {unknown}
 s - 2 scrolls of identify {unknown}
 x - a scroll of fear {unknown}
Potions
 d - a potion of might
 f - 2 potions of curing {unknown}
 h - a potion of magic {unknown}
 p - a potion of mutation {unknown}
 t - 2 potions of lignification {unknown}


   Skills:
 * Level 4.9 Fighting
 * Level 3.8 Axes
 * Level 4.9 Armour
 + Level 5.1 Shields


You had 5 spell levels left.
You didn't know any spells.
Your spell library contained the following spells:

 Spells                   Type           Power      Damage    Failure   Level
 Sublimation of Blood     Necr           0%         N/A       90%         2
 Wereblood                Tmut           0%         N/A       90%         2
 Summon Hydra             Summ           0%         N/A       100%        7


Dungeon Overview and Level Annotations

Branches:
Dungeon (4/15)
 Temple: D:4-7

Altars:
Gozag
Uskayaw
Wu Jian

Shops:
D:4 *

Annotations:
D:4 Edmund


Innate Abilities, Weirdness & Mutations

You cannot be hasted, slowed, berserked, paralysed or teleported.
You can dig through walls and to a lower floor.
You have a pair of large antennae on your head. (SInv)
Your four strong arms can wield two-handed weapons with a shield.


Message History

You block Edmund's attack.
You slash Edmund!
Edmund is heavily wounded.
Edmund hits you with a +0 heavy flail!
You barely miss Edmund.
Edmund is heavily wounded.
Edmund hits you with a +0 heavy flail.
You are too injured to fight recklessly!
You are too injured to fight recklessly!
You are too injured to fight recklessly!
You are too injured to fight recklessly!
You are too injured to fight recklessly!
You hit Edmund.
Edmund is heavily wounded.
You block Edmund's attack.
You barely miss Edmund.
Edmund is heavily wounded.
Edmund misses you.
Okay, then.
Aiming: Mindburst
Press: ? - help, Shift-Dir - straight line, f - Edmund
Aim: Edmund, wielding a +0 heavy flail and wearing a +0 ring mail (heavily wounded, chance to affect: 64%) Edmund struggles to resist.
Unknown command.
You barely miss Edmund.
Edmund is heavily wounded.
Edmund hits you with a +0 heavy flail!
* * * LOW HITPOINT WARNING * * *
You barely miss Edmund.
Edmund is heavily wounded.
Edmund barely misses you.
Aiming: Mindburst
Press: ? - help, Shift-Dir - straight line, f/p - Edmund
Aim: Edmund, wielding a +0 heavy flail and wearing a +0 ring mail (heavily wounded, chance to affect: 64%) Edmund's mind is blasted!
Edmund hits you but does no damage.
You hit Edmund but do no damage.
Edmund is almost dead.
Edmund hits you with a +0 heavy flail!
You die...
Edmund whines, "They better pay attention to me now!"

#.#.....#...##......
#.#.###.#....#).....
#............)......
#.#######.....<.....
#...................
#.##.##.............
#....##.............
###.................
#..@###.............
#....@#
#.............
#.....# #### #.....>
#...... #......#
#....### #....


You could see Edmund.

Vanquished Creatures
  A jelly (D:4)
  2 iguanas (D:4)
  3 orc wizards (D:3)
  5 adders
  3 gnolls (D:4)
  An ufetubus (D:4)
  A worm (D:2)
  A dart slug (D:2)
  3 orcs (D:3)
  6 ball pythons
  9 bats
  3 endoplasms
  2 giant cockroaches
  6 goblins
  5 hobgoblins
  3 jackals (D:3)
  4 quokkas (D:1)
  A frilled lizard (D:1)
  9 kobolds
  5 rats
73 creatures vanquished.

Notes
Turn   | Place    | Note
-------+----------+-------------------------------------------
     0 | D:1      | CrazyBamboolord the Formicid Fighter began the quest for
                  | the Orb.
     0 | D:1      | Reached XP level 1. HP: 18/18 MP: 1/1
    91 | D:1      | Reached XP level 2. HP: 20/24 MP: 2/2
   454 | D:1      | Reached XP level 3. HP: 29/29 MP: 3/3
   659 | D:1      | Found a faded altar of an unknown god.
  1436 | D:3      | Reached XP level 4. HP: 34/37 MP: 4/4
  1446 | D:3      | Reached XP level 5. HP: 29/42 MP: 5/5
  1560 | D:3      | Found an ornate altar of the Wu Jian Council.
  1661 | D:3      | Identified the +5 dagger "Lumad" {antimagic, Str+3}
  1944 | D:3      | Found an opulent altar of Gozag.
  2316 | D:4      | Found Tokargh's Fire Supplies.
  2345 | D:4      | Reached XP level 6. HP: 23/49 MP: 6/6
  2443 | D:4      | Reached skill level 5 in Shields
  2825 | D:4      | Found a hide-covered altar of Uskayaw.
  2851 | D:4      | Noticed Edmund
  2868 | D:4      | Slain by Edmund

Illustrated notes

Levels and vault maps discovered:
D:1:      tarquinn_simple_flora_water_f, layout_loops_corners,
          chequers_ecumenical_altar_lobes
D:2:      layout_basic
D:3:      layout_loops_ring, lemuel_crystal_altar, mainiacjoe_overflow_alcove_2
D:4:      layout_rooms, mainiacjoe_overflow_cross_hatched,
          nicolae_shop_fire_sale [nicolae_sub_dead_trees], uniq_edmund

Skill      XL: |  1  2  3  4  5  6 |
---------------+-------------------+-----
Fighting       | 4 |  4.9
Armour         | 4 |  4.9
Axes           | 3 |  3.8
Shields        | 5 |  5.1

Action                     |  1- 3 |  4- 6 || total
---------------------------+-------+-------++-------
  Melee: War axe           |    88 |   121 ||   209
Ability: Dig               |     1 |       ||     1
  Evoke: Wand              |       |     2 ||     2
 Armour: Scale mail        |    63 |    75 ||   138
  Dodge: Dodged            |    42 |    82 ||   124
  Block: Buckler           |    21 |    38 ||    59

Table legend: (Time is in decaauts)
 A = Elapsed time spent in this place.
 B = Non-inter-level travel time spent in this place.
 C = Inter-level travel time spent in this place.
 D = Time resting spent in this place.
 E = Time spent auto-exploring this place.
 F = Levels seen in this place.
 G = Mean time per level.
                   A        B        C        D        E       F      G
               +--------+--------+--------+--------+--------+-----+--------+
         Total |   2944 |   2847 |     97 |      3 |   2257 |   4 |  736.0 |
       Dungeon |   2944 |   2847 |     97 |      3 |   2257 |   4 |  736.0 |
               +--------+--------+--------+--------+--------+-----+--------+

Top non-repeatable levels by time:
     D:1: 947 daAuts
     D:3: 856 daAuts
     D:4: 621 daAuts
     D:2: 518 daAuts
